 Dungeon Crawl Stone Soup version 0.23.0 (webtiles) character file.

Game seed: 11946427387880876027

288 redwoodhats the Charlatan (level 6, -2/47 HPs)
             Began as a Gnoll Artificer on Feb 10, 2019.
             Was an Initiate of Ashenzari.
             Slain by an ogre
             ... wielding a cursed -3 giant club
              (9 damage)
             ... on level 4 of the Dungeon.
             The game lasted 00:20:01 (4817 turns).

redwoodhats the Charlatan (Gnoll Artificer)         Turns: 4817, Time: 00:20:02

Health: -2/47      AC:  3    Str: 15    XL:     6   Next: 31%
Magic:  11/11      EV: 15    Int: 14    God:    Ashenzari [......]
Gold:   237        SH:  0    Dex: 16    Spells: 5/8 levels left

rFire    . . .     SeeInvis .   t - +0 scythe (curse)
rCold    . . .     Gourm    .   (shield currently unavailable)
rNeg     + . .     Faith    .   b - +0 leather armour
rPois    .         Spirit   .   (no helmet)
rElec    .         Reflect  .   (no cloak)
rCorr    .         Harm     .   (no gloves)
MR       .....                  (no boots)
Stlth    ++........             u - amulet of rage
HPRegen  0.15/turn              l - ring of positive energy
MPRegen  0.12/turn              p - +5 ring of slaying (curse)

@: lethally poisoned (-2 -> -13), about to teleport
A: distributed training, fangs 1, strong nose
a: Curse Item, Renounce Religion, Evoke Berserk Rage


You were on level 4 of the Dungeon.
You worshipped Ashenzari.
Ashenzari was noncommittal.
You were not hungry.

You visited 1 branch of the dungeon, and saw 4 of its levels.

You collected 237 gold pieces.

Inventory:

Hand Weapons
 a - a +0 short sword
 g - a +1 dagger of venom
 o - a -1 shortbow
 t - a cursed +0 scythe (weapon)
Missiles
 q - 75 arrows
 r - 6 javelins
 s - 8 tomahawks (quivered)
Armour
 b - a +0 leather armour (worn)
 n - a +0 plate armour
Jewellery
 l - a ring of positive energy (left hand)
 p - a cursed +5 ring of slaying (right hand)
 u - an amulet of rage (around neck)
Wands
 c - a wand of flame (14)
 d - a wand of enslavement (12)
 e - a wand of random effects (15)
Scrolls
 j - a scroll of identify
 k - 2 scrolls of remove curse
Potions
 h - a potion of curing
 i - a potion of heal wounds
Comestibles
 f - 4 rations


   Skills:
 + Level 3.2 Fighting
 + Level 3.2 Short Blades
 + Level 1.8 Long Blades
 + Level 1.8 Axes
 + Level 1.8 Maces & Flails
 + Level 1.8 Polearms
 + Level 1.8 Staves
 + Level 1.8 Slings
 + Level 1.8 Bows
 + Level 1.8 Crossbows
 + Level 1.8 Throwing
 + Level 1.8 Armour
 + Level 4.9 Dodging
 + Level 3.0 Stealth
 + Level 1.8 Shields
 + Level 1.8 Unarmed Combat
 + Level 1.8 Spellcasting
 + Level 1.4 Conjurations
 + Level 1.4 Hexes
 + Level 1.4 Charms
 + Level 1.4 Summonings
 + Level 1.4 Necromancy
 + Level 1.4 Translocations
 + Level 1.4 Transmutations
 + Level 1.4 Fire Magic
 + Level 1.4 Ice Magic
 + Level 1.4 Air Magic
 + Level 1.4 Earth Magic
 + Level 1.4 Poison Magic
 + Level 2.0 Invocations
 + Level 6.8 Evocations


You had 5 spell levels left.
You knew the following spells:

 Your Spells              Type           Power        Failure   Level  Hunger
a - Sticks to Snakes      Tmut           #.......     24%         2    ###....
b - Beastly Appendage     Tmut           #.....       16%         1    ##.....

Your spell library contained the following spells:

 Spells                   Type           Power        Failure   Level  Hunger
 Spider Form              Tmut/Pois      #.........   43%         3    ####...
 Ice Form                 Ice/Tmut       #.......     85%         4    #####..
 Blade Hands              Tmut           #.........   99%         5    ######.


Dungeon Overview and Level Annotations

Branches:
Dungeon (4/15)
 Temple: D:4-7

Altars:
Ashenzari


Innate Abilities, Weirdness & Mutations

Your experience applies equally to all skills.
You have very sharp teeth.
Your uncanny sense of smell can sniff out nearby items.


Message History

The worker ant poisons you! The worker ant bites you.
You closely miss the worker ant.
The worker ant is severely wounded.
You feel very sick.
The ogre is no longer charmed.
The ogre closely misses you.
The worker ant bites you but does no damage.
The worker ant closely misses you. The ogre closely misses you.
You hit the worker ant but do no damage.
The worker ant is severely wounded.
You feel very sick. The worker ant bites you!
* * * LOW HITPOINT WARNING * * *
The ogre barely misses you. The worker ant bites you.
* * * LOW HITPOINT WARNING * * *
As you read the scroll of teleportation, it crumbles to dust.
You feel strangely unstable.
* * * LOW HITPOINT WARNING * * *
You feel sick. The worker ant misses you.
The ogre hits you with a cursed -3 giant club!
You die...

............≈≈≈≈#
#...............#
................##
.................#
............†....#
.................##
.........†........#
...................#
......O@........##....#
#.....a........... ..?.
#............####.# ##.
#............# ...
##...........# ..
###########.# ... #.


You could see an ogre and a worker ant.

Vanquished Creatures
  Sigmund (D:2)
  An orc priest (D:3)
  3 adders
  A worm (D:2)
  A dart slug (D:2)
  4 leopard geckos
  9 orcs (D:3)
  8 bats
  2 giant cockroaches (D:3)
  9 goblins
  2 hobgoblins
  A jackal (D:2)
  4 frilled lizards
  6 kobolds
  A leopard gecko skeleton (D:4)
  5 rats
58 creatures vanquished.

Vanquished Creatures (collateral kills)
  An adder (D:4)
1 creature vanquished.

Vanquished Creatures (others)
  An orc (D:3)
1 creature vanquished.

Grand Total: 60 creatures vanquished

Notes
Turn   | Place    | Note
-------+----------+-------------------------------------------
     0 | D:1      | redwoodhats the Gnoll Artificer began the quest for the
                  | Orb.
     0 | D:1      | Reached XP level 1. HP: 17/17 MP: 4/4
   412 | D:1      | Reached XP level 2. HP: 19/23 MP: 6/6
  1127 | D:2      | Reached XP level 3. HP: 14/28 MP: 7/7
  1299 | D:2      | Reached skill level 1 in Invocations
  1631 | D:2      | Noticed Sigmund
  2702 | D:3      | Reached skill level 1 in Long Blades
  2702 | D:3      | Reached skill level 1 in Axes
  2702 | D:3      | Reached skill level 1 in Maces & Flails
  2702 | D:3      | Reached skill level 1 in Polearms
  2702 | D:3      | Reached skill level 1 in Staves
  2702 | D:3      | Reached skill level 1 in Slings
  2702 | D:3      | Reached skill level 1 in Bows
  2702 | D:3      | Reached skill level 1 in Crossbows
  2702 | D:3      | Reached skill level 1 in Throwing
  2702 | D:3      | Reached skill level 1 in Armour
  2702 | D:3      | Reached skill level 1 in Shields
  2702 | D:3      | Reached skill level 1 in Unarmed Combat
  2702 | D:3      | Reached skill level 1 in Spellcasting
  2702 | D:3      | Reached XP level 4. HP: 34/34 MP: 8/8
  2788 | D:3      | Found a shattered altar of Ashenzari.
  3029 | D:3      | Reached skill level 1 in Conjurations
  3029 | D:3      | Reached skill level 1 in Hexes
  3029 | D:3      | Reached skill level 1 in Charms
  3029 | D:3      | Reached skill level 1 in Summonings
  3029 | D:3      | Reached skill level 1 in Necromancy
  3029 | D:3      | Reached skill level 1 in Translocations
  3029 | D:3      | Reached skill level 1 in Transmutations
  3029 | D:3      | Reached skill level 1 in Fire Magic
  3029 | D:3      | Reached skill level 1 in Ice Magic
  3029 | D:3      | Reached skill level 1 in Air Magic
  3029 | D:3      | Reached skill level 1 in Earth Magic
  3029 | D:3      | Reached skill level 1 in Poison Magic
  3709 | D:3      | Learned a level 2 spell: Sticks to Snakes
  3711 | D:3      | Learned a level 1 spell: Beastly Appendage
  3754 | D:3      | Reached XP level 5. HP: 35/40 MP: 9/9
  4682 | D:2      | Killed Sigmund
  4682 | D:2      | Reached XP level 6. HP: 42/47 MP: 9/11
  4744 | D:3      | Became a worshipper of Ashenzari the Shackled
  4817 | D:4      | Slain by an ogre

Skill      XL: |  1  2  3  4  5 |
---------------+----------------+-----
Invocations    | 1 2 |  2.0
Long Blades    | 1 |  1.8
Axes           | 1 |  1.8
Maces & Flails | 1 |  1.8
Polearms       | 1 |  1.8
Staves         | 1 |  1.8
Slings         | 1 |  1.8
Bows           | 1 |  1.8
Crossbows      | 1 |  1.8
Throwing       | 1 |  1.8
Armour         | 1 |  1.8
Shields        | 1 |  1.8
Unarmed Combat | 1 |  1.8
Spellcasting   | 1 |  1.8
Conjurations   | 1 |  1.4
Hexes          | 1 |  1.4
Charms         | 1 |  1.4
Summonings     | 1 |  1.4
Necromancy     | 1 |  1.4
Translocations | 1 |  1.4
Transmutations | 1 |  1.4
Fire Magic     | 1 |  1.4
Ice Magic      | 1 |  1.4
Air Magic      | 1 |  1.4
Earth Magic    | 1 |  1.4
Poison Magic   | 1 |  1.4
Fighting       | 3 |  3.2
Short Blades   | 3 |  3.2
Stealth        | 3 |  3.0
Dodging        | |  4.9
Evocations     | |  6.8

Action                   |  1- 3 |  4- 6 || total
-------------------------+-------+-------++-------
Melee: Short sword       |   106 |       ||   106
       Unarmed           |     4 |       ||     4
       Bite              |    14 |     6 ||    20
       Dagger            |    13 |    64 ||    77
       Scythe            |       |     8 ||     8
Throw: Tomahawk          |    10 |     2 ||    12
Invok: Curse Item        |       |     1 ||     1
Evoke: Wand              |     3 |     1 ||     4
  Use: Scroll            |     6 |     2 ||     8
       Potion            |     3 |     1 ||     4
 Stab: Sleeping          |     2 |     1 ||     3
  Eat: Chunk             |     2 |       ||     2
       Ration            |     1 |     2 ||     3
Armor: Leather armour    |    12 |     3 ||    15
       Plate armour      |    50 |    28 ||    78
Dodge: Dodged            |    35 |    44 ||    79
